 Dungeon Crawl Stone Soup version 0.29.1-2-gbd0b4ee654 (webtiles) character file.

Game seed: 6127607954777999580

99 GorkyZ the Chopper (level 4, 0/27 HPs)
             Began as a Gargoyle Gladiator on Nov 30, 2022.
             Slain by an orc
             ... wielding a +0 club
              (3 damage)
             ... on level 2 of the Dungeon.
             The game lasted 00:02:35 (1706 turns).

GorkyZ the Chopper (Gargoyle Gladiator)             Turns: 1706, Time: 00:02:36

Health: 0/27       AC:  7    Str: 19    XL:     4   Next: 72%
Magic:  4/4        EV: 12    Int:  9    God:
Gold:   117        SH:  0    Dex: 11    Spells: 3/3 levels left

rFire   . . .      SeeInvis .   a - +0 war axe
rCold   . . .      Faith    .   (no shield)
rNeg    + . .      Spirit   .   b - +0 leather armour
rPois   ∞          Reflect  .   c - +0 helmet
rElec   +          Harm     .   (no cloak)
rCorr   .          Rampage  .   (no gloves)
Will    .....                   (no boots)
Stlth   +.........              (no amulet)
HPRegen 0.09/turn               (no ring)
MPRegen 0.09/turn               (no ring)

@: no status effects
A: sickness immunity, AC +3, negative energy resistance 1, electricity
resistance, torment resistance 1, petrification resistance
a: no special abilities


You were on level 2 of the Dungeon.
You visited 1 branch of the dungeon, and saw 2 of its levels.

You collected 117 gold pieces.

Inventory:

Hand Weapons
 a - a +0 war axe (weapon)
Missiles
 d - 3 throwing nets (quivered)
 e - a javelin
 g - 6 poisoned darts
Armour
 b - a +0 leather armour (worn)
 c - a +0 helmet (worn)
Scrolls
 f - a scroll of identify {unknown}
 j - a scroll of amnesia {unknown}
 k - a scroll of poison {unknown}
 l - a scroll of enchant weapon {unknown}
 m - a scroll of enchant armour {unknown}
Potions
 h - a potion of degeneration {unknown}
 i - a potion of attraction {unknown}


   Skills:
 + Level 2.8 Fighting
 * Level 3.5 Axes
 + Level 2.3 Throwing
 + Level 1.6 Armour
 + Level 2.8 Dodging


You had 3 spell levels left.
You didn't know any spells.
Your spell library contained the following spells:

 Spells                   Type           Power      Damage    Failure   Level
 Sandblast                Erth           0%         2d4       43%         1
 Passwall                 Tmut/Erth      0%         N/A       58%         2
 Gell's Gravitas          Tloc           0%         N/A       82%         3
 Lesser Beckoning         Tloc           0%         N/A       82%         3
 Stone Arrow              Conj/Erth      0%         3d7       82%         3
 Teleport Other           Tloc           0%         N/A       82%         3


Dungeon Overview and Level Annotations

Branches:
Dungeon (2/15)

Altars:


Innate Abilities, Weirdness & Mutations

You are immune to sickness and miasma.
Your stone body is resilient. (AC +3)
You are immune to poison.
You resist negative energy. (rN+)
You are resistant to electric shocks. (rElec)
You are resistant to unholy torment.
You are immune to petrification.


Message History

The orc is heavily wounded.
You barely miss the orc.
The orc is heavily wounded.
The orc barely misses you.
The orc priest hits you but does no damage.
The orc hits you with a +0 morningstar.
You hit the orc.
You kill the orc!
The orc priest hits you from afar with a +0 trident!
The orc closely misses you.
The orc wizard casts a spell.
The orc wizard flickers and vanishes!
Deactivating autopickup; reactivate with Ctrl-A.
The orc misses you.
You closely miss the orc priest. You closely miss something.
You closely miss the orc.
The orc priest hits you with a +0 trident.
The orc hits you but does no damage. Something barely misses you.
You slash the orc priest!
You kill the orc priest!
You closely miss the orc. You miss something. You closely miss the orc.
The orc misses you.
You hear some strange, mumbled words.
A magic dart appears from out of thin air!
The magic dart hits you.
* * * LOW HITPOINT WARNING * * *
The orc completely misses you. Something hits you.
* * * LOW HITPOINT WARNING * * *
The orc hits you with a +0 trident.
* * * LOW HITPOINT WARNING * * *
The orc barely misses you.
You slash something! You slash the orc!
You kill the orc!
You completely miss the orc. The orc misses you.
Something hits you but does no damage.
You miss something. You barely miss the orc. The orc misses you.
Something hits you but does no damage.
You barely miss something. You closely miss the orc.
The orc hits you with a +0 club.
You die...

#......#. +........
#...(...# .......#.#
###############.#.#
..............#.#.#
..######......####.#.#.#
.......))........#.#.#.#
......{@......##.#.#.#.#
......)o......##.#.#.#.#
..........######.#.# #.#
..........# #.#.# #.#
.######...# #.#.# #.#
#...######.#.# #.#
#...##.......# #..
####### ######.......#
### #.....#
#.......#.#..


You could see an orc.

Vanquished Creatures
  An orc priest (D:2)
  2 worms (D:2)
  3 dart slugs
  2 orcs (D:2)
  5 ball pythons
  4 bats
  2 endoplasms (D:1)
  A giant cockroach (D:1)
  6 goblins
  5 hobgoblins
  4 jackals (D:1)
  5 kobolds
  2 quokkas
  3 frilled lizards
  6 rats
51 creatures vanquished.

Vanquished Creatures (others)
  2 demonic plants (D:2)
2 creatures vanquished.

Grand Total: 53 creatures vanquished

Notes
Turn   | Place    | Note
-------+----------+-------------------------------------------
     0 | D:1      | GorkyZ the Gargoyle Gladiator began the quest for the Orb.
     0 | D:1      | Reached XP level 1. HP: 12/12 MP: 1/1
    32 | D:1      | Reached XP level 2. HP: 15/17 MP: 2/2
   227 | D:1      | Reached skill level 3 in Axes
   282 | D:1      | Reached XP level 3. HP: 16/22 MP: 3/3
   456 | D:1      | Reached skill level 1 in Armour
  1465 | D:2      | Reached XP level 4. HP: 27/27 MP: 4/4
  1620 | D:2      | Found a faded altar of an unknown god.
  1620 | D:2      | Noticed a chaos spawn
  1706 | D:2      | Slain by an orc

Illustrated notes

Levels and vault maps discovered:
D:1:      zaba_arrival_water, layout_basic, hangedman_decor_riveting
D:2:      layout_basic, dreamdust_ecumenical_altar_sealed_demon

Skill      XL: |  1  2  3 |
---------------+----------+-----
Throwing       | 2 |  2.3
Axes           | 3 |  3.5
Armour         | 1 |  1.6
Fighting       | |  2.8
Dodging        | |  2.8

Action                   |  1- 3 |  4- 6 || total
-------------------------+-------+-------++-------
Melee: War axe           |    97 |    17 ||   114
       Punch             |       |     1 ||     1
 Stab: Sleeping          |     1 |       ||     1
Armor: Leather armour    |    38 |     7 ||    45
Dodge: Dodged            |    74 |    15 ||    89
